Map: Frozen Temple

Players

LiquidVortiX (Vortix) - Winner!

  • Race: Zerg Zerg
  • League: Master

MajeStic

  • Race: Protoss Protoss
  • League: Master

Event: DreamHack ZOWIE Open Valencia 2016

VOD

Have the link to the VOD?

Description

Time

  • Played on: July 14, 2016, 1:10 p.m.
  • Length: 11:51

All games in this series

Show
View Real Time Build Order
Export as new Build Order

LiquidVortiX Zerg - Winner!

Build Orders: Hatch First 

Get SALT Encoding   

  12  0:00  Drone  
  13  0:12  Overlord  
  13  0:17  Drone  
  14  0:30  Drone  
  14  0:31  Drone  
  14  0:34  Drone  
  17  0:52  Hatchery  
  17  0:54  Drone  
  17  0:59  Drone  
  17  1:03  Extractor  
  17  1:12  Spawning Pool  
  17  1:15  Drone  
  17  1:19  Drone  
  18  1:28  Drone  
  19  1:53  Hatchery  
  18  2:00  Drone  
  19  2:04  Metabolic Boost  
  19  2:05  Roach Warren  
  18  2:09  Zergling x2  
  18  2:11  Zergling x2  
  20  2:22  Queen  
  22  2:28  Overlord  
  22  2:44  Roach x3  
  22  2:50  Roach  
  30  2:55  Roach  
  32  3:08  Roach  
  33  3:13  Zergling x6  
  33  3:16  Zergling x2  
  37  3:21  Zergling x2  
  37  3:22  Zergling x2  
  37  3:26  Zergling x2  
  40  3:28  Zergling x2  
  40  3:32  Zergling x2  
  42  3:38  Overlord  
  41  3:44  Zergling x2  
  41  3:48  Overlord  
  41  4:01  Zergling x8  
  41  4:04  Zergling x2  
  41  4:08  Zergling x2  
  39  4:13  Zergling x4  
  36  4:18  Zergling x4  
  36  4:21  Zergling x2  
  34  4:26  Zergling x2  
  31  4:32  Zergling x4  
  33  4:43  Zergling x8  
  34  4:59  Drone x5  
  35  5:01  Drone  
  34  5:07  Drone x2  
  34  5:15  Queen  
  35  5:23  Drone x2  
  35  5:27  Queen  
  38  5:33  Queen  
  40  5:37  Zergling x4  
  40  5:42  Zergling x4  
  44  5:47  Zergling x2  
  44  5:48  Zergling x4  
  47  5:50  Zergling x2  
  48  5:57  Drone x3  
  48  6:02  Drone, Overlord  
  49  6:15  Drone x3  
  51  6:19  Drone x3  
  51  6:35  Zergling x2  
  51  6:36  Zergling x12  
  55  6:44  Queen  
  57  6:47  Zergling x4  
  57  6:48  Zergling x2  
  56  7:00  Zergling x4  
  56  7:01  Zergling x2  
  58  7:06  Overlord x2  
  58  7:11  Spore Crawler  
  58  7:12  Spore Crawler x2  
  55  7:22  Extractor  
  53  7:25  Zergling x10  
  53  7:29  Zergling x4  
  59  7:37  Zergling x6  
  52  7:43  Queen  
  51  7:44  Drone  
  51  7:45  Drone  
  51  7:47  Drone x3  
  51  7:48  Drone  
  56  7:53  Drone x2  
  58  8:02  Overlord  
  58  8:03  Drone  
  59  8:07  Lair  
  59  8:08  Drone x2, Baneling Nest  
  60  8:13  Drone  
  60  8:16  Overlord  
  60  8:17  Drone x5, Extractor  
  65  8:21  Drone x3  
  65  8:24  Overlord  
  68  8:28  Drone  
  68  8:29  Drone  
  68  8:31  Overlord  
  70  8:39  Drone  
  71  8:42  Drone x2  
  71  8:43  Extractor  
  72  8:54  Baneling x5  
  72  8:55  Baneling x3  
  72  8:58  Zergling x2  
  72  8:59  Zergling x14  
  80  9:12  Drone  
  80  9:13  Drone x6, Hydralisk Den  
  80  9:14  Drone x2  
  80  9:15  Drone x2  
  87  9:17  Drone  
  87  9:19  Centrifical Hooks  
  87  9:36  Zergling x10  
  87  9:38  Overlord, Baneling x5  
  92  9:39  Overlord, Overseer  
  92  9:45  Muscular Augments, Hydralisk x2  
  94  9:48  Baneling x3  
  94  9:51  Hydralisk  
  98  9:53  Extractor, Overlord  
  98  9:56  Zergling x2  
  98  9:57  Zergling x6  
  100  10:12  Overseer  
  96  10:28  Hydralisk  
  96  10:29  Hydralisk x5  
  96  10:31  Zergling x2, Overlord  
  96  10:32  Zergling x12  
  96  10:35  Zergling x4  
  117  10:37  Zergling x2  
  117  10:42  Zergling x2, Spore Crawler  
  117  10:43  Zergling x2  
  117  10:45  Baneling x6  
  117  10:46  Baneling  
  115  10:57  Baneling x4  
  115  10:58  Baneling  
  115  11:00  Zergling x10  
  120  11:08  Zergling x6  
  120  11:09  Zergling x2  
  116  11:22  Hydralisk x2  
  116  11:23  Hydralisk  
  117  11:36  Drone  
  117  11:37  Drone x7  
Show
View Real Time Build Order
Export as new Build Order

MajeStic Protoss 

Build Orders: 1 Gate Expand 

Get SALT Encoding   

  12  0:00  Probe (Chrono Boost)  
  13  0:11  Probe (Chrono Boost)  
  14  0:18  Pylon  
  14  0:22  Probe (Chrono Boost)  
  15  0:36  Probe (Chrono Boost), Gateway  
  15  0:42  Assimilator  
  16  0:47  Probe (Chrono Boost)  
  17  0:58  Probe (Chrono Boost)  
  18  1:08  Probe (Chrono Boost)  
  19  1:19  Probe (Chrono Boost)  
  19  1:24  Nexus  
  20  1:34  Cybernetics Core  
  20  1:36  Probe (Chrono Boost)  
  21  1:42  Assimilator  
  21  1:46  Probe (Chrono Boost)  
  22  1:51  Pylon  
  22  1:57  Probe (Chrono Boost)  
  23  2:07  Adept, Warp Gate  
  23  2:11  Probe (Chrono Boost)  
  27  2:23  Probe (Chrono Boost)  
  27  2:25  Stargate  
  27  2:34  Probe (Chrono Boost)  
  27  2:35  Zealot  
  30  2:38  Probe (Chrono Boost)  
  31  2:45  Probe (Chrono Boost)  
  31  2:48  Probe (Chrono Boost)  
  33  2:55  Probe (Chrono Boost)  
  34  2:59  Probe (Chrono Boost)  
  34  3:02  Pylon  
  34  3:03  Void Ray  
  35  3:07  Probe (Chrono Boost)  
  39  3:14  Mothership Core (Chrono Boost)  
  41  3:20  Probe (Chrono Boost), Gateway  
  41  3:27  Gateway  
  41  3:34  Pylon  
  40  3:40  Void Ray  
  46  3:49  Probe (Chrono Boost)  
  46  3:50  Probe (Chrono Boost)  
  46  3:51  Gateway  
  46  3:56  Pylon  
  42  4:11  Probe (Chrono Boost)  
  29  4:28  Probe x2 (Chrono Boost)  
  31  4:40  Probe x2 (Chrono Boost)  
  31  4:46  Adept  
  31  4:47  Adept  
  31  4:52  Probe x2 (Chrono Boost)  
  33  5:03  Probe (Chrono Boost)  
  33  5:04  Probe (Chrono Boost)  
  33  5:13  Sentry  
  33  5:16  Probe (Chrono Boost)  
  33  5:20  Adept  
  36  5:25  Probe (Chrono Boost)  
  37  5:33  Probe (Chrono Boost)  
  38  5:36  Probe (Chrono Boost)  
  38  5:42  Twilight Council  
  39  5:45  Probe (Chrono Boost)  
  39  5:46  Probe (Chrono Boost)  
  42  5:57  Probe (Chrono Boost)  
  42  5:58  Probe (Chrono Boost)  
  43  6:06  Oracle  
  43  6:08  Probe (Chrono Boost)  
  43  6:10  Probe (Chrono Boost)  
  48  6:14  Adept  
  44  6:19  Probe (Chrono Boost), Resonating Glaives  
  44  6:32  Adept  
  44  6:39  Adept  
  46  6:45  Probe (Chrono Boost)  
  46  6:46  Probe (Chrono Boost)  
  48  6:53  Adept  
  48  6:56  Probe (Chrono Boost)  
  49  7:02  Adept  
  51  7:15  Probe (Chrono Boost)  
  53  7:16  Probe (Chrono Boost)  
  53  7:25  Probe (Chrono Boost)  
  53  7:28  Probe (Chrono Boost)  
  56  7:37  Probe (Chrono Boost)  
  56  7:40  Probe (Chrono Boost)  
  56  7:41  Adept x2  
  56  7:43  Pylon  
  52  7:44  Gateway  
  52  7:47  Probe (Chrono Boost)  
  52  7:50  Gateway  
  48  7:52  Probe (Chrono Boost), Gateway  
  48  7:57  Dark Shrine  
  48  7:59  Probe (Chrono Boost)  
  48  8:05  Probe (Chrono Boost), Assimilator  
  50  8:08  Assimilator  
  50  8:09  Sentry x2  
  50  8:12  Probe (Chrono Boost)  
  55  8:16  Probe (Chrono Boost)  
  56  8:21  Pylon  
  56  8:22  Probe (Chrono Boost)  
  56  8:26  Probe (Chrono Boost)  
  58  8:31  Robotics Facility  
  59  8:36  Mothership Core (Chrono Boost)  
  59  8:37  Adept  
  59  8:39  Adept  
  64  8:46  Probe (Chrono Boost)  
  65  8:53  Pylon  
  65  8:54  Probe (Chrono Boost)  
  65  8:55  Forge  
  66  8:59  Probe (Chrono Boost)  
  67  9:03  Adept  
  67  9:04  Adept x2  
  67  9:05  Adept, Probe (Chrono Boost)  
  76  9:16  Warp Prism  
  68  9:23  Protoss Ground Weapons Level 1  
  70  9:24  Dark Templar x3  
  76  9:46  Nexus  
  76  9:48  Pylon  
  76  9:58  Pylon, Sentry x2  
  80  10:06  Probe (Chrono Boost)  
  76  10:07  Probe (Chrono Boost)  
  74  10:27  Stalker x4  
  78  10:31  Photon Cannon  
  78  10:36  Pylon  
  78  10:41  Pylon  
  78  10:47  Gateway  
  78  10:48  Gateway  
  77  10:59  Stalker x3  
  77  11:01  Stalker  
  85  11:23  Pylon  
  83  11:26  Stalker x4  

Tags
 
Add a new tag
Caveats
  • Supply blocks, unpowered buildings, or Contaminate may cause inaccurate times.
  • Supply counts are checked every 10 seconds.